 Dungeon Crawl Stone Soup version 0.27.1-33-g824d729ab1 (webtiles) character file.

Game seed: 5561416010329651350

2454 zeram the Blocker (level 9, -9/56 HPs)
             Began as a Gargoyle Fighter on Dec 4, 2021.
             Was a Follower of Qazlal.
             Mangled by an orc warrior (13 damage)
             ... in a bailey.
             The game lasted 00:13:38 (8873 turns).

zeram the Blocker (Gargoyle Fighter)                Turns: 8873, Time: 00:13:39

Health: -9/56      AC: 25    Str: 24    XL:     9   Next: 50%
Magic:  9/9        EV:  4    Int:  8    God:    Qazlal [*.....]
Gold:   342        SH: 19    Dex:  9    Spells: 8/8 levels left

rFire    . . .     SeeInvis .   h - +0 flail (protect)
rCold    . . .     Faith    .   p - +0 tower shield
rNeg     + . .     Spirit   .   f - +0 plate armour
rPois    ∞         Reflect  .   (no helmet)
rElec    +         Harm     .   (no cloak)
rCorr    .         Rampage  .   (no gloves)
Will     .....     Clarity  +   o - +0 pair of boots
Stlth    ..........             (no amulet)
HPRegen  0.18/turn              l - +4 ring of protection
MPRegen  0.11/turn              (no ring)

@: no status effects
A: sickness immunity, AC +6, negative energy resistance 1, electricity
resistance, torment resistance 1, petrification resistance, clarity
a: Renounce Religion


You were in a bailey.
You worshipped Qazlal.
Qazlal was aware of your devotion.
You visited 2 branches of the dungeon, and saw 8 of its levels.
You also visited: Bailey.

You collected 342 gold pieces.

Inventory:

Hand Weapons
 a - a +1 flail
 h - a +0 flail of protection (weapon)
Armour
 b - a +0 scale mail
 c - a +0 kite shield
 f - a +0 plate armour (worn)
 o - a +0 pair of boots (worn)
 p - a +0 tower shield (worn)
Jewellery
 g - a ring of fire
 l - a +4 ring of protection (left hand)
 n - an amulet of faith
Wands
 i - a wand of charming (5)
Scrolls
 j - 2 scrolls of magic mapping
 k - a scroll of teleportation
 m - 2 scrolls of amnesia
Potions
 q - a potion of mutation


   Skills:
 + Level 6.3 Fighting
 + Level 4.3 Maces & Flails
 + Level 7.5 Armour
 + Level 1.7 Dodging
 + Level 9.8 Shields


You had 8 spell levels left.
You didn't know any spells.
Your spell library contained the following spells:

 Spells                   Type           Power      Damage    Failure   Level
 Pain                     Necr           0%         1d4       100%        1
 Call Canine Familiar     Summ           0%         N/A       100%        3
 Gell's Gravitas          Tloc           0%         N/A       100%        3
 Portal Projectile        Hex/Tloc       0%         N/A       100%        3
 Teleport Other           Tloc           0%         N/A       100%        3
 Animate Dead             Necr           0%         N/A       100%        4
 Fulminant Prism          Conj/Hex       0%         3d6       100%        4
 Iskenderun's Mystic Bla  Conj/Tloc      0%         2d3       100%        4
 Leda's Liquefaction      Hex/Erth       0%         N/A       100%        4
 Agony                    Necr           0%         N/A       100%        5
 Excruciating Wounds      Necr           0%         N/A       100%        5
 Lee's Rapid Deconstruct  Erth           0%         3d5*      100%        5
 Dispersal                Tloc           0%         N/A       100%        6
 Haunt                    Necr/Summ      0%         N/A       100%        7
 Infestation              Necr           0%         N/A       100%        8


Dungeon Overview and Level Annotations

Branches:
Dungeon (7/15)             Temple (1/1) D:5          Bailey (1/1)

Altars:
Cheibriados
Elyvilon
Fedhas
Gozag
Okawaru
Qazlal
Sif Muna
Trog
Uskayaw
Vehumet
Yredelemnul
The Shining One

Shops:
D:5 [


Innate Abilities, Weirdness & Mutations

You are immune to sickness and miasma.
Your stone body is resilient. (AC +6)
You are immune to poison.
You resist negative energy. (rN+)
You are resistant to electric shocks. (rElec)
You are resistant to unholy torment.
You are immune to petrification.
You possess an exceptional clarity of mind.


Message History

The orc is severely wounded.
You block the orc's attack. You block the orc warrior's attack.
You block the orc's attack.
You closely miss the orc.
The orc is severely wounded.
You block the orc's attack. You block the orc warrior's attack.
You block the orc's attack.
The orc warrior hits you but does no damage.
You block the orc's attack.
The orc hits you from afar with a +0 halberd.
* * * LOW HITPOINT WARNING * * *
You closely miss the orc.
The orc is severely wounded.
You block the orc's attack. You block the orc warrior's attack.
You block the orc's attack.
Unknown command.
You hit the orc.
Your weapon exudes an aura of protection.
The orc is almost dead.
You block the orc's attack. You block the orc warrior's attack.
You block the orc's attack.
The orc warrior hits you with a +0 halberd!
* * * LOW HITPOINT WARNING * * *
The orc hits you but does no damage. You block the orc's attack.
Really quaff the potion of mutation?
You feel extremely strange.
Your thoughts seem clearer.
You block the orc's attack. You block the orc warrior's attack.
You block the orc's attack.
You closely miss the orc.
The orc is almost dead.
The orc hits you but does no damage. You block the orc warrior's attack.
The orc hits you but does no damage.
Unknown command.
You block the orc's attack. You block the orc warrior's attack.
You block the orc warrior's attack.
There is a gate leading back out of this place here.
You block the orc's attack.
The orc warrior hits you from afar with a +0 halberd!
You die...

#######
##..∩..##
#.......#
#∩.....@#
#.......#
#....ooo#
#...))..#
#......)#
#....)).#
#.......#
#.......#
#.......#


You could see an orc warrior and 2 orcs.

Vanquished Creatures
  A wyvern (D:7)
  Edmund (D:5)
  2 water moccasins (D:5)
  2 ice beasts (D:6)
  An orc warrior (D:6)
  An ogre (D:3)
  A centaur (D:6)
  A bullfrog (D:4)
  The ghost of ces the Sneak, an amateur SpAM of Dithmenos (D:6)
  A wyvern zombie (D:6)
  3 scorpions (D:5)
  A water moccasin skeleton (D:7)
  6 killer bees (D:5)
  A howler monkey (D:6)
  A centaur zombie (D:6)
  A gnoll shaman (D:5)
  4 orc priests
  5 hounds
  A jelly (D:6)
  A scorpion zombie (D:5)
  3 iguanas
  4 orc wizards
  5 gnolls
  7 adders
  2 white imps
  An ufetubus (D:4)
  2 worms
  A dart slug (D:1)
  33 orcs
  7 endoplasms
  2 giant cockroaches
  19 goblins
  12 hobgoblins
  7 quokkas
  7 ball pythons
  8 bats
  4 frilled lizards
  3 kobolds (D:2)
  3 rats
166 creatures vanquished.

Vanquished Creatures (others)
  5 fungi
  6 plants (D:3)
11 creatures vanquished.

Grand Total: 177 creatures vanquished

Notes
Turn   | Place    | Note
-------+----------+-------------------------------------------
     0 | D:1      | zeram the Gargoyle Fighter began the quest for the Orb.
     0 | D:1      | Reached XP level 1. HP: 14/14 MP: 1/1
   170 | D:1      | Reached XP level 2. HP: 15/19 MP: 2/2
   578 | D:1      | Reached XP level 3. HP: 23/24 MP: 3/3
  1462 | D:2      | Found a bloodstained altar of Trog.
  1507 | D:2      | Reached skill level 4 in Shields
  2004 | D:2      | Reached XP level 4. HP: 29/29 MP: 4/4
  2916 | D:3      | Reached XP level 5. HP: 27/33 MP: 5/5
  3512 | D:3      | Found a faded altar of an unknown god.
  3543 | D:3      | Noticed an ogre
  3554 | D:3      | Killed an ogre
  3555 | D:3      | Reached skill level 1 in Dodging
  3555 | D:3      | Reached XP level 6. HP: 16/39 MP: 6/6
  3866 | D:3      | Reached skill level 5 in Shields
  3873 | D:3      | Reached skill level 5 in Armour
  4508 | D:4      | Reached XP level 7. HP: 21/44 MP: 7/7
  4763 | D:5      | Entered Level 5 of the Dungeon
  4857 | D:5      | Found a staircase to the Ecumenical Temple.
  4894 | Temple   | Entered the Ecumenical Temple
  5008 | Temple   | Became a worshipper of Qazlal Stormbringer
  5085 | D:5      | Reached skill level 5 in Fighting
  5129 | D:5      | HP: 1/44 [killer bee (7)]
  5445 | D:5      | Reached skill level 6 in Shields
  5994 | D:5      | Reached skill level 7 in Shields
  5994 | D:5      | Reached XP level 8. HP: 37/50 MP: 8/8
  6091 | D:5      | Found Unef's Armour Boutique.
  6260 | D:5      | Noticed Edmund
  6267 | D:5      | Killed Edmund
  6280 | D:5      | Reached skill level 8 in Shields
  6766 | D:6      | Found a white marble altar of Elyvilon.
  6842 | D:6      | Reached * piety under Qazlal
  7294 | D:6      | Noticed ces's ghost (amateur SpAM)
  7294 | D:6      | Found a runed translucent door.
  7431 | D:6      | Reached skill level 9 in Shields
  7431 | D:6      | Reached XP level 9. HP: 26/55 MP: 9/9
  7892 | D:6      | Found a shimmering blue altar of Sif Muna.
  8057 | D:6      | Found an iron altar of Okawaru.
  8545 | D:6      | Killed ces's ghost
  8817 | D:7      | Found a flagged portal.
  8831 | Bailey   | Entered a bailey
  8869 | Bailey   | Gained mutation: You possess an exceptional clarity of
                  | mind. [potion of mutation]
  8873 | Bailey   | Mangled by an orc warrior

Illustrated notes

Levels and vault maps discovered:
D:1:      amcnicky_arrival_blooded_trapdoor, layout_loops_cross,
          chequers_mini_garden, chequers_serial_rivers_small_3
D:2:      minmay_recursive_quarters, layout_loops_cross, wad_floor_pattern_2,
          kennysheep_flooded_box, st_stairs_13, kennysheep_small_spiral,
          kennysheep_potato
D:3:      layout_basic, shapermc_ecumenical_altar_mp_ritualfount
D:4:      layout_basic
D:5:      layout_basic, minmay_temple_entry_ruins, serial_shops,
          nicolae_square_shop, minivault_23, uniq_edmund
D:6:      layout_loops_corners, mainiacjoe_overflow_alcove_1,
          mainiacjoe_overflow_boulevard, general_overflow_altar,
          hellmonk_ghost_happy_afterlife
D:7:      layout_basic, nicolae_ru_the_path_less_chosen, enter_bailey_5,
          minmay_fire_ice_demons
Temple:   kb_temple_of_zot
Bailey:   bailey_polearm_5, bailey

Skill      XL: |  1  2  3  4  5  6  7  8  9 |
---------------+----------------------------+-----
Shields        | 4 5 7 9 |  9.8
Armour         | 4 5 6 7 |  7.5
Fighting       | 4 5 6 |  6.3
Dodging        | 1 |  1.7
Maces & Flails | 3 4 |  4.3

Action                   |  1- 3 |  4- 6 |  7- 9 || total
-------------------------+-------+-------+-------++-------
Melee: Flail             |   137 |   246 |   460 ||   843
  Use: Scroll            |       |     8 |     6 ||    14
       Potion            |       |     2 |     8 ||    10
Armor: Scale mail        |    67 |    58 |       ||   125
       Plate armour      |       |   121 |   517 ||   638
Dodge: Dodged            |    62 |    71 |   151 ||   284
Block: Kite shield       |    78 |   160 |   245 ||   483
       Tower shield      |       |       |   251 ||   251
